 Dungeon Crawl Stone Soup version 0.32-a0-576-g706899e69d (webtiles) character file.

Game seed: 15312568494862490984

1459375 cjoo the Slayer (level 27, 226/226 (227) HPs)
             Began as a Pale Draconian Ice Elementalist on Feb 29, 2024.
             Was the Champion of Hepliaklqana.
             Escaped with the Orb
             ... and 3 runes on Mar 2, 2024!
             The game lasted 12:38:33 (104599 turns).

cjoo the Slayer (Pale Draconian Ice Elementalist) Turns: 104599, Time: 12:38:33

HP:   226/226 (227) AC: 24    Str: 17    XL:     27
MP:   50/50         EV: 13    Int: 25    God:    Hepliaklqana [******]
Gold: 5851          SH: 14    Dex: 12    Spells: 0/64 levels left

rFire   + . .        c - +2 eudemon blade (holy)
rCold   + . .        M - +0 kite shield "Ifivaaqi" {rC+ rN+ Will+}
rNeg    + . .        (body armour unavailable)
rPois   .            u - +2 hat
rElec   .            E - +2 cloak
rCorr   .            s - +2 pair of gloves
SInv    +            Y - +2 pair of boots {rampage}
Will    +++..        V - amulet of magic regeneration
Stlth   +            y - ring of see invisible
HPRegen 0.57/turn    K - ring of protection from fire
MPRegen 0.72/turn

%: rampage
@: lightly drained
A: reduced essence, steam breath, AC +13, unfitting armour, cold-blooded, steam
resistance, horns 1, high MP 1, strong 1
0: Orb of Zot
}: 3/15 runes: serpentine, barnacled, silver
a: Steam Breath, Renounce Religion, Recall Ancestor, Ancestor Identity,
Transference, Idealise


You escaped.
You worshipped Hepliaklqana.
Hepliaklqana was exalted by your worship.
You visited 11 branches of the dungeon, and saw 55 of its levels.
You visited the Abyss 3 times.
You visited 1 bazaar.
You also visited: Trove, Ossuary, Bailey and Ice Cave.

You collected 12359 gold pieces.
You spent 6508 gold pieces at shops.

Inventory:

Hand Weapons
 a - the +5 short sword of Instinct {venom, rElec Str-4 Int+7}
   (You took it off a deep elf elementalist on level 3 of the Elven Halls)

   Str-4:     It affects your strength (-4).
   Int+7:     It affects your intelligence (+7).
   rElec:     It insulates you from electricity.
 b - a +9 quick blade of freezing
 c - a +2 eudemon blade of holy wrath (weapon)
Missiles
 B - 9 throwing nets
 S - 32 curare-tipped darts (quivered)
Armour
 n - the +2 pair of gloves of Mirth {-Tele rElec Int+3 Dex+3}
   (You found it in a treasure trove)

   Int+3:     It affects your intelligence (+3).
   Dex+3:     It affects your dexterity (+3).
   rElec:     It insulates you from electricity.
   -Tele:     It prevents most forms of teleportation.
 s - a +2 pair of gloves (worn)
 u - a +2 hat (worn)
 E - a +2 cloak (worn)
 M - the +0 kite shield "Ifivaaqi" (worn) {rC+ rN+ Will+}
   (You took it off Donald on level 2 of the Shoals)

   rC+:       It protects you from cold.
   rN+:       It protects you from negative energy.
   Will+:     It increases your willpower.
 Y - a +2 pair of boots of rampaging (worn)
Magical Staves
 h - a staff of fire
Jewellery
 w - the ring of Sin {Wiz rPois rC+}
   (You bought it in a shop on level 4 of the Dungeon)

   [ring of wizardry]

   Wiz:       It improves your spell success rate.
   rC+:       It protects you from cold.
   rPois:     It protects you from poison.
 y - a ring of see invisible (left hand)
 A - the ring "Quxtesch" {rC+ Dex+6}
   (You took it off a fire giant on level 5 of the Vaults)

   [ring of dexterity]

   Dex+6:     It affects your dexterity (+6).
   rC+:       It protects you from cold.
 I - a ring of protection from fire
 J - the ring of Dikhliarr {Fly rN++ rCorr}
   (You found it on level 3 of the Crypt)

   [ring of flight]

   rN++:      It greatly protects you from negative energy.
   Fly:       It grants you flight.
   rCorr:     It protects you from acid and corrosion.
 K - a ring of protection from fire (right hand)
 V - an amulet of magic regeneration (around neck)
 X - the ring "Amicrucw" {Will+ rCorr Int+4}
   (You took it off a vault warden on level 5 of the Vaults)

   [ring of willpower]

   Int+4:     It affects your intelligence (+4).
   Will+:     It increases your willpower.
   rCorr:     It protects you from acid and corrosion.
Wands
 x - a wand of iceblast (58)
 C - a wand of polymorph (28)
 L - a wand of acid (26)
 O - a wand of digging (21)
 Q - a wand of mindburst (38)
 R - a wand of paralysis (39)
Scrolls
 d - a scroll of vulnerability
 g - 5 scrolls of summoning
 i - 3 scrolls of blinking
 k - 10 scrolls of poison
 m - 11 scrolls of teleportation
 o - 9 scrolls of immolation
 D - 6 scrolls of fog
 G - 4 scrolls of silence
 P - 3 scrolls of revelation
Potions
 e - 33 potions of curing
 f - 6 potions of magic
 j - 6 potions of haste
 l - 7 potions of cancellation
 q - 11 potions of invisibility
 r - 5 potions of mutation
 t - 7 potions of heal wounds
 v - 7 potions of brilliance
 z - a potion of resistance
 F - 6 potions of berserk rage
 H - 6 potions of enlightenment
 W - 9 potions of ambrosia
 Z - 7 potions of might
Miscellaneous
 p - a box of beasts
 N - a phial of floods
 T - a condenser vane
 U - a phantom mirror


   Skills:
 - Level 21.7 Fighting
 - Level 14.0(14.3) Short Blades
 - Level 5.1(10.4) Long Blades
 - Level 0.5(1.0) Polearms
 - Level 1.2(1.3) Staves
 - Level 6.0 Dodging
 - Level 4.0 Stealth
 - Level 18.6 Shields
 - Level 19.0 Spellcasting
 - Level 20.4 Conjurations
 + Level 15.9 Summonings
 - Level 5.0 Translocations
 - Level 9.6 Fire Magic
 - Level 9.0 Ice Magic
 - Level 10.1 Air Magic
 - Level 20.4 Earth Magic
 - Level 11.4 Invocations
 - Level 11.1 Evocations


You couldn't memorise any spells.
You knew the following spells:

 Your Spells              Type           Power      Damage    Failure   Level
a - Borgnjor's Vile Clut  Necr/Erth      33%        N/A       1%          5
b - Vhi's Electric Charg  Tloc/Air       100%       N/A       1%          4
c - Ozocubu's Armour      Ice            62%        N/A       1%          3
d - Summon Lightning Spi  Summ/Air       73%        N/A       1%          4
e - Lehudib's Crystal Sp  Conj/Erth      45%        10d11     4%          8
f - Spellforged Servitor  Conj/Summ      43%        N/A       1%          7
g - Lee's Rapid Deconstr  Erth           45%        3d22*     1%          5
h - Freezing Cloud        Conj/Ice/Air   37%        6-21      1%          5
i - Orb of Destruction    Conj           45%        9d12      1%          7
j - Lesser Beckoning      Tloc           96%        N/A       1%          2
k - Blink                 Tloc           96%        N/A       1%          2
l - Irradiate             Conj/Alch      33%        3d22      1%          5
m - Apportation           Tloc           96%        N/A       1%          1
n - Swiftness             Air            65%        N/A       1%          3
o - Passwall              Erth           90%        N/A       0%          3

Your spell library contained the following spells:

 Spells                   Type           Power      Damage    Failure   Level
 Foxfire                  Conj/Fire      100%       2x1d9     0%          1
 Magic Dart               Conj           100%       1d8       0%          1
 Summon Small Mammal      Summ           100%       N/A       0%          1
 Call Imp                 Summ           100%       N/A       0%          2
 Static Discharge         Conj/Air       100%       3-8/arc   0%          2
 Call Canine Familiar     Summ           80%        N/A       0%          3
 Stone Arrow              Conj/Erth      100%       3d13      0%          3
 Freeze                   Ice            100%       1d10      1%          1
 Sting                    Conj/Alch      100%       1d9       1%          1
 Cigotuvi's Dreadful Rot  Necr/Alch/Air  80%        N/A       1%          2
 Ensorcelled Hibernation  Hex/Ice        92%        N/A       1%          2
 Mercury Vapours          Alch/Air       98%        N/A       1%          2
 Momentum Strike          Conj/Tloc      100%       3d10      1%          2
 Dazzling Flash           Conj/Hex       100%       N/A       1%          3
 Frozen Ramparts          Ice            100%       1d16      1%          3
 Gell's Gravitas          Tloc           48%        N/A       1%          3
 Hailstorm                Conj/Ice       78%        3d13      1%          3
 Inner Flame              Hex/Fire       47%        N/A       1%          3
 Mephitic Cloud           Conj/Alch/Air  65%        N/A       1%          3
 Summon Ice Beast         Ice/Summ       72%        N/A       1%          3
 Teleport Other           Tloc           48%        N/A       1%          3
 Volatile Blastmotes      Fire/Tloc      100%       2d18      1%          3
 Airstrike                Air            32%        2d(5-21)  1%          4
 Flame Wave               Conj/Fire      78%        2d17      1%          4
 Leda's Liquefaction      Alch/Erth      33%        N/A       1%          4
 Martyr's Knell           Necr/Summ      59%        N/A       1%          4
 Petrify                  Alch/Erth      66%        N/A       1%          4
 Summon Blazeheart Golem  Fire/Summ      73%        N/A       1%          4
 Arcjolt                  Conj/Air       39%        1d49      1%          5
 Fireball                 Conj/Fire      39%        3d16      1%          5
 Iskenderun's Battlesphe  Conj           90%        2d14      1%          5
 Bombard                  Conj/Erth      45%        9d8       1%          6
 Starburst                Conj/Fire      39%        6d11      1%          6
 Necrotise                Necr           92%        1d8       2%          1
 Ignite Poison            Fire/Alch      47%        N/A       3%          4
 Passage of Golubria      Tloc           48%        N/A       3%          4
 Sticky Flame             Fire/Alch      47%        2d9       3%          4
 Summon Hydra             Summ           40%        N/A       3%          7
 Jinxbite                 Hex            46%        N/A       4%          2
 Sublimation of Blood     Necr           23%        N/A       4%          2
 Plasma Beam              Fire/Air       32%        2x1d45    8%          6
 Fugue of the Fallen      Necr           23%        N/A       9%          3
 Sigil of Binding         Hex            23%        N/A       9%          3
 Tukima's Dance           Hex            23%        N/A       9%          3
 Vampiric Draining        Necr           23%        2d7       9%          3
 Dimensional Bullseye     Hex/Tloc       18%        N/A       10%         4
 Silence                  Hex/Air        24%        N/A       10%         5
 Anguish                  Hex/Necr       11%        N/A       26%         4
 Cause Fear               Hex            11%        N/A       26%         4
 Dispel Undead            Necr           23%        3d12      26%         4
 Olgreb's Toxic Radiance  Alch           23%        N/A       26%         4
 Dispersal                Tloc           24%        N/A       47%         6
 Alistair's Intoxication  Alch           15%        N/A       58%         5
 Curse of Agony           Necr           23%        N/A       58%         5
 Yara's Violent Unravell  Hex/Alch       11%        3d6       58%         5
 Maxwell's Capacitive Co  Air            32%        ∞         96%         8
 Ignition                 Fire           32%        3d10      98%         8
 Death Channel            Necr           11%        N/A       99%         6
 Eringya's Noxious Bog    Alch           11%        4d6       99%         6
 Dragon's Call            Summ           40%        N/A       99%         9
 Enfeeble                 Hex            11%        N/A       100%        7
 Borgnjor's Revivificati  Necr           11%        N/A       100%        8
 Death's Door             Necr           11%        N/A       100%        9
 Animate Armour           Summ/Erth      Unusable   N/A       N/A         4

Dungeon Overview and Level Annotations

Branches:
Dungeon (15/15)            Temple (0/1) D:6            Lair (5/5) D:9
 Shoals (4/4) Lair:3        Snake (4/4) Lair:3        Slime (5/5) Lair:5
    Orc (2/2) D:10            Elf (3/3) Orc:2        Vaults (5/5) D:13
  Crypt (3/3) Vaults:3       Tomb (0/3) Crypt:3      Depths (4/4) D:15
    Zot (5/5) Depths:4    Ossuary (visited)          Bailey (visited)
  IceCv (visited)

Altars:
Ashenzari
Elyvilon
Hepliaklqana
Kikubaaqudgha
Makhleb
Nemelex Xobeh
Qazlal
Sif Muna
Vehumet
Xom
Yredelemnul
The Shining One
Jiyva
Lugonu

Shops:
D:4 =(   D:14 *   Orc:2 (([[   Elf:1 *[   Shoals:1 :   Vaults:1 *[[
Depths:2 ?

Portals:
Hell: Depths:1 Depths:2 Depths:3
Abyss: Lair:5 Depths:3
Pandemonium: Depths:2 Depths:3
Ziggurat: Depths:1

Annotations:
D:5 1 exclusion
Snake:2 2 transporters, Vuushr Kima's ghost, adept DsNe
Slime:5 Royal Jelly
Elf:2 3 runed translucent doors
Depths:3 2 runed translucent doors, Ciogh's ghost, veteran GnWn
Depths:4 exclusion: door


Innate Abilities, Weirdness & Mutations

Your life essence is reduced to manifest your ancestor. (-10% HP)
You can breathe blasts of scalding, opaque steam.
Your pale cyan-grey scales are hard. (AC +13)
You cannot fit into any form of body armour.
You are cold-blooded and may be slowed by cold attacks.
You are immune to the effects of steam.
You have a pair of small horns on your head.
You have an increased reservoir of magic. (+10% MP)
Your muscles are strong. (Str +4, Int/Dex -1)


Message History

The endoplasm quivers.
There is a stone staircase leading up here.
You climb upwards.
There is a stone staircase leading down here.
Minnie is no longer moving quickly.
You see here a hobgoblin skeleton.
A shadow demon comes into view.
Casting: Lehudib's Crystal Spear (dangerous; 4% risk of failure)
Confirm with . or Enter, or press ? or * to list all spells.
You summon a servant imbued with your destructive magic!
Casting: Spellforged Servitor (mildly dangerous; 1% risk of failure)
Confirm with . or Enter, or press ? or * to list all spells.
Aiming: Borgnjor's Vile Clutch (mildly dangerous; 1% risk of failure)
Press: ? - help, Shift-Dir - straight line, f - shadow demon
Aim: a shadow demon (ally target, 100% to hit)
Zombie hands grab the shadow demon.
The zombie hands constrict the shadow demon!
Minnie mumbles some strange words.
The shadow demon resists with almost no effort.
The shadow demon gestures.
Send 'em back where they came from!
Your spellforged servitor shudders.
The zombie hands constrict the shadow demon!
The shadow demon struggles to escape constriction.
Your spellforged servitor gestures at the shadow demon while chanting.
The crystal spear hits the shadow demon!!!
The shadow demon dies!
A reaper comes into view. It is wielding a +2 scythe of venom.
The reaper moves out of view.
Your spellforged servitor disappears in a puff of smoke!
There is a stone staircase leading down here.
Aiming: Dig
Press: ? - help, Shift-Dir - straight line A rock wall.
This square is covered in magical glow.
The rock shatters into small pieces.
Unknown command.
There is an open door here.
There is a staircase leading out of the dungeon here.
You have escaped!

...#
#.##..........#
####
#.##.#######.##
#########.##.#
#.#########
..........##.#
#.........#
##########.#.#
#.#######.# #
##.## ### #.## #.#
# ##.#.###.###..#
#.# #
##...#.#...###.#
#.# #
#....'.'R@..'..#
#.# #
####...#'#...#####
#.# #
#[###.##.##.## #.#
# #.###'##.##'##
#.# #
#.##.##...##.##
#.# #
#.#.##.....##.#
#.# #
#.##'.......'##
#.# #
#.####.....### #.#
# #.# ##...## #.#


You could see the friendly Minnie the hexer.

Vanquished Creatures
  3 dread liches
  Mennas (Vaults:3)
  3 ancient liches
  Mara (Vaults:4)
  Boris (thrice) (Depths:2 Depths:3 Depths:4)
  A pandemonium lord (D:6)
  A curse toe (Zot:4)
  Jory (Vaults:3)
  7 golden dragons
  2 bone dragons
  A shard shrike zombie (Crypt:1)
  the Enchantress (Depths:1)
  A Brimstone Fiend (D:15)
  5 tentacled monstrosities
  Jorgrun (D:12)
  Mlioglotl (Shoals:4)
  Asterion (Depths:1)
  2 deep elf blademasters (Elf:3)
  6 acid blobs
  A walking frostbound tome (Depths:3)
  3 titans
  5 Orb Guardians (Zot:5)
  2 deep elf master archers (Elf:3)
  5 sphinxes
  5 death cobs
  4 quicksilver dragons
  Polyphemus (Shoals:4)
  A tentacled starspawn (Abyss:4)
  2 ancient champions (Crypt:2)
  3 shadow dragons
  2 tengu reavers
  4 storm dragons
  A revenant (Vaults:3)
  Donald (Shoals:2)
  3 draconian monks
  2 rockslimes
  A draconian knight (Depths:4)
  4 fire giants
  3 azure jellies (Slime:5)
  2 iron dragons
  5 frost giants
  3 deep elf sorcerers
  2 deep elf elementalists (Elf:3)
  2 ghost moths (Zot:1)
  5 draconian scorchers
  An orc warlord (Vaults:4)
  A caustic shrike zombie (Depths:1)
  2 draconian shifters (Zot:1)
  A balrug (D:15)
  5 vault wardens
  A reaper (Abyss:1)
  2 juggernaut zombies
  3 spriggan defenders
  4 ghouls
  9 ironbound preservers
  2 draconian stormcallers
  A cacodemon (Elf:2)
  8 quicksilver oozes
  3 formless jellyfish
  27 very ugly things
  2 draconian annihilators
  6 green draconians
  6 stone giants
  4 deep elf demonologists
  4 vampire knights
  2 ironbound thunderhulks (Vaults:1)
  8 war gargoyles
  8 deep elf death magi
  5 black draconians
  A lorocyproca (Depths:2)
  2 red draconians
  3 deep elf annihilators (Elf:3)
  2 spark wasps (Depths:3)
  A minotaur (D:14)
  2 white draconians
  6 dire elephants
  6 yellow draconians
  4 crystal guardians
  An eidolon (Crypt:1)
  3 merfolk javelineers
  A green death (Depths:1)
  5 ettins
  10 yaktaur captains
  10 merfolk impalers
  7 fire dragons
  A jiangshi (Crypt:2)
  2 deep elf high priests (Elf:3)
  An entropy weaver (Vaults:1)
  A fenstrider witch zombie (Crypt:3)
  3 ice dragons
  2 great orbs of eyes
  A peacekeeper (Vaults:1)
  14 vault guards
  4 spriggan air magi
  4 rakshasas
  10 hydras
  3 ogre magi
  8 centaur warriors
  3 salamander tyrants
  4 boulder beetles
  3 deep troll shamans
  A catoblepas (Shoals:4)
  13 anacondas
  7 ironbound frosthearts
  6 two-headed ogres
  10 dancing weapons
  3 tengu warriors
  2 satyrs (Shoals:4)
  3 merfolk aquamancers
  An alligator snapping turtle (Shoals:2)
  3 merfolk avatars
  5 deep troll earth magi
  2 vampire magi
  5 thrashing horrors
  9 death yaks
  A hell hog (Depths:2)
  10 naga warriors
  9 shock serpents
  2 titan zombies (Crypt:3)
  2 orc high priests (Orc:2)
  3 spriggan berserkers
  8 naga sharpshooters
  A sixfirhy (Abyss:3)
  6 deep elf knights
  2 soul eaters
  4 iron trolls
  11 hell knights
  2 salamander mystics
  4 wretched stars
  4 skysharks
  22 skeletal warriors
  A bunyip zombie (Crypt:2)
  4 sea snakes
  7 mana vipers
  3 flayed ghosts
  5 lindwurms
  2 deep elf archers
  6 naga ritualists
  28 deep trolls
  An obsidian statue (Zot:5)
  5 glowing orange brains
  A spriggan simulacrum (Depths:1)
  11 harpies
  15 necromancers
  10 orc knights
  3 bog bodies
  4 arcanists
  15 ironbound convokers
  10 phantasmal warriors
  14 deep elf zephyrmancers
  A tengu skeleton (Depths:1)
  3 orc sorcerers
  A faun (shapeshifter) (Elf:2)
  An ugly thing (shapeshifter) (Vaults:5)
  23 salamanders
  4 fauns (Shoals:1)
  4 shining eyes
  A cyclops (shapeshifter) (Elf:2)
  5 manticores
  16 deep elf pyromancers
  32 ugly things
  An alligator skeleton (Crypt:3)
  2 oklob plants (Lair:5)
  5 cyclopes
  A frost giant zombie (Depths:1)
  17 moths of wrath
  A stone giant zombie (Vaults:4)
  A worldbinder (Abyss:1)
  2 kobold blastminers (Orc:1)
  5 merfolk sirens
  A rust devil (Depths:2)
  10 water nymphs
  8 guardian serpents
  15 vault sentinels
  An ice statue (IceCv)
  11 elephants
  3 large abominations
  44 black mambas
  12 naga magi
  2 smoke demons
  An orange demon (Abyss:2)
  2 dire elephant skeletons
  A gargoyle (D:13)
  6 cane toads
  An unseen horror (shapeshifter) (Elf:2)
  2 hellions
  A minotaur skeleton (Crypt:2)
  5 kobold demonologists
  A rime drake (Lair:2)
  4 komodo dragons
  13 yaktaurs
  2 efreet
  3 ancient zymes
  4 freezing wraiths
  2 tengu conjurers
  A hydra zombie (Crypt:3)
  18 merfolk
  4 trolls
  12 polar bears
  3 raiju (Abyss:4)
  5 wind drakes
  15 blink frogs
  11 dream sheep
  A harpy skeleton (Crypt:3)
  2 snapping turtles (Shoals:4)
  4 spriggan zombies
  A boulder beetle zombie (Crypt:1)
  62 slime creatures
  6 air elementals
  A jumping spider (shapeshifter) (Elf:2)
  7 water elementals
  An ettin skeleton (Crypt:3)
  Sigmund (D:5)
  A jumping spider (Vaults:1)
  A spriggan (Depths:1)
  5 wyverns
  5 basilisks
  4 wraiths
  33 yaks
  A vampire (D:11)
  A ynoxinul (Lair:5)
  14 starcursed masses
  A golden eye (shapeshifter) (Elf:2)
  2 spriggan skeletons
  Eustachio (D:6)
  A black mamba skeleton (Crypt:1)
  4 golden eyes
  A hog (shapeshifter) (D:14)
  2 neqoxecs
  2 steam dragons
  6 vampire mosquitoes
  2 chaos spawn
  A harpy simulacrum (Abyss:2)
  27 nagas
  10 small abominations
  An acid dragon (D:8)
  9 water moccasins
  A water nymph skeleton (Crypt:2)
  A black bear (D:8)
  27 laughing skulls
  25 orc warriors
  A sky beast (D:7)
  2 swamp dragon zombies
  An ice beast (D:5)
  4 ogres
  20 wolves
  A boggart (shapeshifter) (D:13)
  6 centaurs
  8 boggarts
  A swamp dragon skeleton (Crypt:2)
  A nameless horror (Abyss:2)
  11 kobold brigands
  5 bullfrogs
  A brain worm (Abyss:2)
  An earth elemental (Elf:2)
  7 scorpions
  A wight (D:7)
  A wyvern skeleton (Crypt:1)
  22 killer bees
  2 howler monkeys (D:9)
  3 electric eels (D:7)
  A centaur zombie (Ossuary)
  A hound (D:5)
  3 human zombies (Ossuary)
  14 orc priests
  A centaur skeleton (Crypt:2)
  2 iron imps (Abyss:1)
  3 jellies
  A black bear skeleton (Crypt:1)
  Natasha (thrice) (D:2)
  6 hexers
  2 scorpion zombies (Ossuary)
  26 orc wizards
  9 hell rats (Lair:3)
  An ogre skeleton (Crypt:2)
  2 mummies (Ossuary)
  3 gnolls
  4 adders
  A shadow imp (D:5)
  2 white imps
  2 ufetubi
  A lava snake skeleton (Crypt:1)
  4 ribbon worms
  57 orcs
  3 endoplasms
  3 giant cockroaches (D:3)
  2 goblins
  6 hobgoblins
  2 jackals (D:5)
  4 quokkas
  8 ball pythons
  A bat (D:1)
  A frilled lizard (D:2)
  2 gnoll zombies (Ossuary)
  3 jackal zombies (Ossuary)
  25 kobolds
  An orc zombie (Ossuary)
  7 rats
  An aspiring flesh (Zot:1)
  A lurking horror (Abyss:1)
1606 creatures vanquished.

Vanquished Creatures (collateral kills)
  2 dread liches
  4 orbs of fire
  3 ancient liches
  A juggernaut (Depths:4)
  2 Killer Klowns (Zot:5)
  A curse toe (Zot:4)
  Margery (Depths:3)
  11 golden dragons
  2 bone dragons
  An electric golem (Zot:5)
  13 tentacled monstrosities
  17 Orb Guardians (Zot:5)
  An Ice Fiend (D:7)
  5 titans
  A shard shrike skeleton (Abyss:4)
  7 liches
  16 acid blobs
  3 ancient champions
  An Executioner (Abyss:2)
  A searing wretch (Depths:3)
  3 quicksilver dragons
  6 tentacled starspawn
  2 death cobs (Zot:1)
  The ghost of Larett the Peltast, an adept MiBe of Trog (Elf:2)
  Kirke (D:11)
  9 storm dragons
  11 shadow dragons
  3 protean progenitors (Zot:1)
  2 tengu reavers (Vaults:5)
  3 revenants
  4 fire giants
  5 draconian monks
  4 draconian knights
  7 azure jellies
  Ilsuiw (Shoals:3)
  8 rockslimes
  2 frost giants
  A juggernaut zombie (Abyss:1)
  4 deep elf elementalists
  4 deep elf sorcerers
  A caustic shrike zombie (Crypt:3)
  4 draconian shifters
  4 iron dragons
  A ghost moth (Zot:1)
  11 vault wardens
  A draconian annihilator (Zot:4)
  A cacodemon (D:7)
  9 ironbound preservers
  An orc warlord (Vaults:1)
  2 draconian stormcallers
  A ghoul (Crypt:1)
  5 formless jellyfish
  8 quicksilver oozes
  A spriggan defender (Depths:1)
  18 very ugly things
  7 stone giants
  A bunyip (Abyss:1)
  A minotaur (Zot:1)
  3 vampire knights
  6 black draconians
  5 deep elf death magi
  3 lorocyprocas
  14 green draconians
  3 deep elf annihilators (Elf:3)
  5 purple draconians
  3 war gargoyles
  A spark wasp (Depths:3)
  9 red draconians
  8 yellow draconians
  A white draconian (Depths:4)
  2 dire elephants (Vaults:4)
  3 merfolk impalers (Shoals:4)
  4 eidola
  A merfolk javelineer (Shoals:4)
  Josephine (D:12)
  3 ettins
  2 crystal guardians
  3 deep elf high priests
  2 fire dragons
  The ghost of Lysca the Cardsharp, a journeyman DsCj of Nemelex Xobeh (D:14)
  6 yaktaur captains
  5 jiangshi
  A green death (Abyss:2)
  An ice dragon (shapeshifter) (Vaults:5)
  6 great orbs of eyes
  Fannar (D:11)
  5 ice dragons
  18 vault guards
  A fenstrider witch zombie (Abyss:1)
  2 rakshasas
  A salamander tyrant (Snake:2)
  A quicksilver dragon skeleton (Depths:1)
  2 peacekeepers
  A hell beast (Depths:3)
  A hydra (Depths:3)
  A spriggan air mage (Depths:1)
  A centaur warrior (Vaults:1)
  An ironbound frostheart (Vaults:4)
  An ogre mage (Vaults:5)
  5 anacondas
  2 boulder beetles
  A death knight (Crypt:1)
  A catoblepas (D:14)
  A sphinx zombie (Vaults:4)
  3 merfolk aquamancers
  9 dancing weapons
  A deep troll shaman (Depths:4)
  A fenstrider witch skeleton (Abyss:1)
  A deep troll earth mage (Depths:1)
  2 alligator snapping turtles
  2 tengu warriors (Depths:4)
  5 two-headed ogres
  2 death yaks
  A shock serpent (Snake:4)
  2 naga sharpshooters
  13 thrashing horrors
  A shock serpent (shapeshifter) (Vaults:5)
  3 hell hogs (Depths:2)
  8 naga warriors
  A soul eater (Crypt:2)
  2 deep elf knights
  2 spriggan berserkers
  A titan zombie (Abyss:3)
  11 hell knights
  3 sun demons
  3 spriggans
  4 iron trolls
  4 wretched stars
  A skyshark (shapeshifter) (Elf:2)
  A spectral spark wasp (Depths:3)
  3 sixfirhies
  A titan skeleton (Crypt:3)
  27 skeletal warriors
  4 sea snakes
  A salamander mystic (Snake:4)
  3 glowing orange brains
  A bunyip zombie (Crypt:3)
  An anaconda zombie (Crypt:3)
  2 bog bodies
  A swamp dragon (Depths:4)
  2 mana vipers (Snake:1)
  A shadow dragon zombie (Crypt:3)
  2 naga ritualists (Snake:4)
  An arcanist (Vaults:4)
  A shadow demon (D:1)
  A swamp dragon (shapeshifter) (Depths:3)
  An ironbound convoker (Vaults:1)
  23 deep trolls
  A lindwurm (Vaults:2)
  6 deep elf pyromancers
  7 phantasmal warriors
  3 necromancers
  4 deep elf archers
  5 orc knights
  12 deep elf zephyrmancers
  7 harpies
  An eleionoma zombie (Crypt:1)
  16 large abominations
  2 orc sorcerers (Orc:2)
  8 salamanders
  6 shining eyes
  A manticore (shapeshifter) (Elf:2)
  A faun (shapeshifter) (Depths:4)
  11 ugly things
  2 cyclopes
  6 fauns
  5 moths of wrath
  7 manticores
  3 elephants
  A will-o-the-wisp (Abyss:2)
  2 water nymphs
  2 eyes of devastation
  3 vault sentinels
  A meliai (shapeshifter) (Elf:2)
  22 black mambas
  A guardian serpent (Snake:4)
  8 smoke demons
  A water nymph (shapeshifter) (Depths:2)
  A torpor snail (shapeshifter) (Depths:3)
  A moth of wrath (shapeshifter) (Vaults:5)
  A naga zombie (Crypt:2)
  A centaur skeleton (Crypt:1)
  11 naga magi
  2 orange demons
  4 cane toads
  An efreet (Abyss:1)
  3 rime drakes
  3 komodo dragons
  7 yaktaurs
  2 kobold demonologists
  3 freezing wraiths
  4 trolls
  A red devil (Depths:1)
  A queen bee (Lair:2)
  4 ancient zymes
  4 wind drakes
  5 polar bears (IceCv)
  Grinder (D:6)
  6 merfolk
  A silent spectre (Abyss:2)
  3 hellwings
  2 hornets (Depths:1)
  5 blink frogs (Lair:5)
  4 glass eyes
  4 raiju
  4 snapping turtles
  A hydra skeleton (Crypt:1)
  8 dream sheep
  97 slime creatures
  2 centaur simulacra
  2 vampires
  20 water elementals
  7 wraiths
  2 ynoxinuls
  An air elemental (Shoals:4)
  11 yaks
  4 basilisks
  2 wyverns
  A fire bat (shapeshifter) (Abyss:1)
  A steam dragon (D:6)
  2 fire elementals
  A warg (Orc:2)
  A golden eye (Slime:1)
  6 chaos spawn
  4 neqoxecs
  3 vampire mosquitoes
  A swamp worm (shapeshifter) (Elf:2)
  2 acid dragons
  24 nagas
  A culicivora (shapeshifter) (Vaults:5)
  A glowing shapeshifter skeleton (Crypt:2)
  A deep troll skeleton (Crypt:2)
  Duvessa (D:5)
  6 water moccasins
  A water moccasin (shapeshifter) (Elf:2)
  18 orc warriors
  11 laughing skulls
  A black bear (Lair:1)
  An ettin simulacrum (Crypt:1)
  13 small abominations
  A sky beast (D:7)
  4 ogres
  A blink frog skeleton (Crypt:1)
  6 wolves
  A centaur (D:9)
  10 starcursed masses
  4 kobold brigands
  6 bullfrogs
  Blork the orc (D:6)
  2 earth elementals
  3 scorpions (Ossuary)
  2 wights (D:7)
  A polar bear zombie (Crypt:2)
  Dowan (D:5)
  14 killer bees
  A troll zombie (Crypt:2)
  A howler monkey (shapeshifter) (D:15)
  A howler monkey (D:9)
  A bombardier beetle (D:5)
  2 hounds (D:4)
  A quasit (Abyss:3)
  3 human zombies
  2 jellies
  17 orc priests
  A gnoll bouda (D:7)
  2 iguanas (D:5)
  Ijyb (D:3)
  25 orc wizards
  3 hell rats (Lair:3)
  A hound zombie (Crypt:2)
  A mummy (Ossuary)
  5 gnolls
  3 adders
  2 white imps
  2 ufetubi
  An adder zombie (Ossuary)
  A dart slug (D:3)
  39 orcs
  2 endoplasms
  2 goblins
  2 hobgoblins
  A jackal (D:5)
  2 quokkas
  A ball python (D:3)
  A ball python zombie (Ossuary)
  A gnoll zombie (Ossuary)
  A jackal zombie (Ossuary)
  11 kobolds
  2 starspawn tentacles
1264 creatures vanquished.

Vanquished Creatures (others)
  A golden dragon (Zot:1)
  A tentacled starspawn (Abyss:4)
  A very ugly thing (Depths:3)
  2 fire dragons
  A great orb of eyes (Abyss:4)
  An ogre mage (Abyss:4)
  A deep troll earth mage (Depths:1)
  A mana viper (Snake:4)
  A golden dragon skeleton (Depths:1)
  A manticore (Abyss:4)
  A smoke demon (Abyss:4)
  2 large abominations (Abyss:4)
  A harpy skeleton (Abyss:4)
  A dream sheep (Lair:5)
  A spriggan skeleton (Depths:1)
  4 fire bats (Abyss:4)
  5 chaos spawn (Abyss:4)
  A brain worm (Abyss:4)
  89 hexers
  An ancestor (D:2)
  50 foxfires
  10 starspawn tentacles
177 creatures vanquished.

Grand Total: 3047 creatures vanquished

Notes
Turn   | Place    | Note
-------+----------+-------------------------------------------
     0 | D:1      | cjoo the Draconian Ice Elementalist began the quest for the
                  | Orb.
     0 | D:1      | Reached XP level 1. HP: 14/14 MP: 3/3
    44 | D:1      | You fall into a shaft and drop 1 floor!
   208 | D:2      | Noticed Natasha
   209 | D:2      | Noticed a cerulean imp
   214 | D:2      | Noticed a cerulean imp
   217 | D:2      | Noticed a cerulean imp
   222 | D:3      | Found a hazy altar of Hepliaklqana.
   239 | D:3      | Became a worshipper of Hepliaklqana the Forgotten
   328 | D:3      | Noticed an orc priest
   669 | D:1      | Got the Lessons on Hyperbolic Concussion
   708 | D:1      | Found Jawun's Distillery.
  1268 | D:1      | Bought a potion of curing for 33 gold pieces
  1300 | D:2      | Noticed a cerulean imp
  1300 | D:2      | Killed Natasha
  1301 | D:2      | Reached XP level 2. HP: 19/20 MP: 0/5
  1301 | D:2      | Reached XP level 3. HP: 25/26 MP: 0/6
  1360 | D:2      | Noticed Natasha
  1370 | D:2      | Killed Natasha
  1371 | D:2      | Reached skill level 5 in Ice Magic
  1497 | D:2      | Reached XP level 4. HP: 33/33 MP: 8/8
  1497 | D:2      | Reached * piety under Hepliaklqana
  1815 | D:2      | Learned a level 3 spell: Frozen Ramparts
  1819 | D:2      | Learned a level 3 spell: Ozocubu's Armour
  2112 | D:2      | Noticed Natasha
  2122 | D:2      | Killed Natasha
  2123 | D:2      | Reached skill level 1 in Fighting
  2123 | D:2      | Reached XP level 5. HP: 30/36 MP: 4/9
  2244 | D:2      | Learned a level 3 spell: Summon Ice Beast
  2414 | D:3      | Noticed Ijyb
  2424 | D:3      | Killed Ijyb
  2425 | D:3      | Reached skill level 1 in Summonings
  2762 | D:3      | Found a shimmering blue altar of Sif Muna.
  2770 | D:3      | Reached XP level 6. HP: 31/43 MP: 6/10
  3107 | D:3      | Reached ** piety under Hepliaklqana
  3108 | D:3      | Remembered your ancestor Minnie as a hexer
  3344 | D:1      | Bought a potion of heal wounds for 55 gold pieces
  3344 | D:1      | Bought a potion of berserk rage for 55 gold pieces
  3417 | D:4      | Reached skill level 2 in Fighting
  3655 | D:4      | Found Xegi's Weapon Shop.
  3802 | D:4      | Found Voxit's One-of-a-Kind Rings.
  3913 | D:4      | Your scales start taking on a pale cyan-grey colour.
  3913 | D:4      | Reached XP level 7. HP: 50/50 MP: 11/11
  3913 | D:4      | Gained mutation: You are immune to the effects of steam.
                  | [Pale Draconian growth]
  4070 | D:5      | Entered Level 5 of the Dungeon
  4084 | D:5      | Reached skill level 3 in Fighting
  4224 | D:5      | Noticed Duvessa
  4228 | D:5      | Noticed Dowan
  4231 | D:5      | Noticed Sigmund
  4234 | D:5      | Killed Duvessa
  4235 | D:5      | Reached skill level 4 in Fighting
  4235 | D:5      | Reached skill level 5 in Summonings
  4238 | D:5      | Killed Sigmund
  4239 | D:5      | Reached XP level 8. HP: 57/60 MP: 9/12
  4242 | D:5      | Killed Dowan
  4453 | D:5      | Reached skill level 5 in Fighting
  4493 | D:5      | Reached *** piety under Hepliaklqana
  4527 | D:5      | Learned a level 3 spell: Stone Arrow
  4961 | D:6      | Noticed Eustachio
  5016 | D:6      | Killed Eustachio
  5017 | D:6      | Reached skill level 1 in Conjurations
  5116 | D:6      | Found a sand-covered staircase.
  5124 | Ossuary  | Entered an ossuary
  5309 | Ossuary  | Reached skill level 6 in Fighting
  5382 | Ossuary  | Reached XP level 9. HP: 67/67 MP: 13/13
  5531 | D:6      | Found a staircase to the Ecumenical Temple.
  5603 | D:6      | Noticed Blork the orc
  5614 | D:6      | Killed Blork the orc
  5781 | D:6      | Noticed Grinder
  5870 | D:7      | Reached skill level 1 in Evocations
  5942 | D:7      | Reached skill level 1 in Invocations
  6047 | D:7      | Reached **** piety under Hepliaklqana
  6659 | D:8      | Reached skill level 5 in Evocations
  6695 | D:8      | Reached skill level 5 in Conjurations
  6698 | D:8      | Reached skill level 1 in Earth Magic
  6798 | D:8      | Found a burning altar of Makhleb.
  7515 | D:8      | Reached XP level 10. HP: 69/75 MP: 10/14
  7541 | D:8      | Reached ***** piety under Hepliaklqana
  7981 | D:9      | Reached skill level 7 in Fighting
  7985 | D:9      | Reached skill level 5 in Invocations
  8219 | D:9      | Noticed a two-headed ogre
  8223 | D:9      | Killed a two-headed ogre
  8224 | D:9      | Reached skill level 8 in Fighting
  8377 | D:9      | Found a staircase to the Lair.
  8436 | D:9      | Reached skill level 9 in Fighting
  8825 | D:9      | Found a sparkling altar of Nemelex Xobeh.
  9050 | D:10     | Entered Level 10 of the Dungeon
  9065 | D:10     | Reached XP level 11. HP: 67/87 MP: 9/16
  9212 | D:10     | Learned a level 1 spell: Foxfire
  9262 | D:10     | Found a staircase to the Orcish Mines.
  9315 | D:10     | Reached skill level 1 in Fire Magic
  9408 | D:10     | Found a flagged portal.
  9425 | Bailey   | Entered a bailey
  9602 | Bailey   | Found the +15 Maxwell's patent armour {-Cast -Tele rElec
                  | Will+ rCorr}
  9756 | Bailey   | Found a burning altar of Makhleb.
  9829 | D:10     | Reached skill level 10 in Fighting
  9949 | D:10     | Noticed a two-headed ogre
  9958 | D:10     | Killed a two-headed ogre
 10397 | D:11     | Reached skill level 5 in Fire Magic
 10466 | D:11     | Noticed a two-headed ogre
 10486 | D:11     | Killed a two-headed ogre
 10551 | D:11     | Noticed Fannar
 10562 | D:11     | Killed Fannar
 10685 | D:11     | Noticed a boulder beetle
 11127 | D:11     | Noticed a boulder beetle
 11127 | D:11     | Noticed a cyan ugly thing
 11562 | D:6      | Paralysed by Grinder for 4 turns
 11572 | D:6      | Killed Grinder
 11848 | Lair:1   | Entered Level 1 of the Lair of Beasts
 11900 | Lair:1   | Reached skill level 11 in Fighting
 11928 | Lair:1   | Reached XP level 12. HP: 36/99 MP: 11/18
 12657 | Lair:1   | Identified the +1 robe of Instinct {rC- Regen+ Int+2
                  | Archmagi}
 13538 | Lair:2   | Noticed a six-headed hydra
 13558 | Lair:2   | Killed a six-headed hydra
 13614 | Lair:2   | Reached skill level 12 in Fighting
 13761 | Lair:2   | Noticed a boulder beetle
 13776 | Lair:2   | Killed a boulder beetle
 14483 | Lair:3   | Found a staircase to the Shoals.
 14718 | Lair:3   | Noticed a seven-headed hydra
 14726 | Lair:3   | Killed a seven-headed hydra
 15325 | Lair:3   | Learned a level 5 spell: Freezing Cloud
 15424 | Lair:3   | Found a staircase to the Snake Pit.
 15457 | Lair:3   | Reached XP level 13. HP: 107/107 MP: 16/19
 15665 | Lair:4   | Reached skill level 1 in Air Magic
 16122 | Lair:4   | Reached skill level 13 in Fighting
 16127 | Lair:4   | Reached skill level 5 in Spellcasting
 17045 | D:12     | Noticed Josephine
 17045 | D:12     | Reached ****** piety under Hepliaklqana
 17045 | D:12     | Found a stormy altar of Qazlal.
 17063 | D:12     | Noticed Kirke
 17069 | D:11     | Killed Kirke
 17276 | D:12     | Found a portal to a secret trove of treasure.
 17500 | D:12     | Reached skill level 5 in Air Magic
 17572 | D:12     | Noticed Jorgrun
 17579 | D:12     | Killed Jorgrun
 17629 | D:12     | Killed Josephine
 17944 | D:12     | Identified the +1 robe of the Nexus {Int+3 Stlth+}
 18377 | D:13     | Reached skill level 1 in Shields
 18499 | D:13     | Reached skill level 14 in Fighting
 18562 | D:13     | Found a gate to the Vaults.
 18604 | D:13     | HP: 3/111 [+4 long sword (6)]
 18947 | D:13     | Learned a level 4 spell: Summon Lightning Spire
 19409 | D:13     | Reached XP level 14. HP: 118/118 MP: 14/23
 20058 | D:14     | Found a runed translucent gate.
 20058 | D:14     | Found a runed translucent gate.
 20058 | D:14     | Found a runed translucent gate.
 20066 | D:14     | Noticed Lysca's ghost (journeyman DsCj)
 20160 | D:14     | Identified the scarf of Loss {harm, rN++ rCorr Str-5 Int+3}
 20335 | D:14     | Identified a scroll of acquirement
 21228 | D:14     | Found Cafyoske's General Store.
 21236 | D:14     | Bought a phantom mirror for 480 gold pieces
 21630 | D:15     | Entered Level 15 of the Dungeon
 21907 | D:15     | Found a white marble altar of Elyvilon.
 22473 | Lair:5   | Entered Level 5 of the Lair of Beasts
 22478 | Lair:5   | Reached skill level 10 in Air Magic
 22499 | Lair:5   | Found a staircase to the Slime Pits.
 22574 | Lair:5   | HP: 4/118 [black mamba (12)]
 22621 | Lair:5   | HP: 4/118 [cane toad (5)]
 23038 | Lair:5   | Reached skill level 10 in Conjurations
 23040 | Lair:5   | Reached skill level 5 in Shields
 23496 | Lair:5   | Identified the +0 cloak "Asocweaf" {rElec rF- MP+9 Int+3}
 23929 | Lair:5   | Found a viscous altar of Jiyva.
 24091 | Lair:4   | Noticed a quicksilver ooze
 24095 | Lair:4   | Killed a quicksilver ooze
 24531 | D:4      | Bought the ring of Sin {Wiz rPois rC+} for 482 gold pieces
 24633 | D:1      | Bought a potion of heal wounds for 55 gold pieces
 24633 | D:1      | Bought a potion of heal wounds for 55 gold pieces
 24857 | Snake:1  | Entered Level 1 of the Snake Pit
 24953 | Snake:1  | Reached XP level 15. HP: 114/124 MP: 19/24
 26334 | Snake:2  | Noticed a tentacled starspawn
 26397 | Snake:2  | Noticed Vuushr Kima's ghost (adept DsNe)
 26425 | Snake:2  | Found a one-way gate to the infinite horrors of the Abyss.
 26466 | Snake:2  | Found a transporter.
 26467 | Snake:2  | Found a transporter.
 28662 | Snake:3  | Reached XP level 16. HP: 104/131 MP: 18/26
 29780 | Snake:4  | Entered Level 4 of the Snake Pit
 29873 | Snake:4  | Reached skill level 15 in Conjurations
 30232 | Snake:3  | Learned a level 7 spell: Orb of Destruction
 31258 | D:15     | Found a staircase to the Depths.
 33542 | Snake:4  | Reached XP level 17. HP: 105/136 MP: 21/30
 33930 | Snake:4  | Reached skill level 10 in Shields
 34092 | Snake:4  | Learned a level 6 spell: Starburst
 34410 | Snake:4  | Learned a level 2 spell: Lesser Beckoning
 34658 | Snake:4  | Reached skill level 10 in Spellcasting
 34687 | Snake:4  | Got a serpentine rune of Zot
 35218 | Shoals:1 | Entered Level 1 of the Shoals
 35433 | Shoals:1 | Found Opnawec's Book Emporium.
 36042 | Shoals:2 | Identified the +0 kite shield "Ifivaaqi" {rC+ rN+ Will+}
 36042 | Shoals:2 | Noticed Donald
 36047 | Shoals:1 | Reached skill level 1 in Translocations
 36266 | Shoals:2 | Reached skill level 15 in Fighting
 36655 | Shoals:2 | Killed Donald
 37307 | Orc:1    | Entered Level 1 of the Orcish Mines
 37518 | Orc:2    | Entered Level 2 of the Orcish Mines
 37518 | Orc:2    | Found a frozen archway.
 37571 | IceCv    | Entered an ice cave
 38584 | IceCv    | Reached XP level 18. HP: 135/146 MP: 32/32
 39094 | Orc:2    | Found a staircase to the Elven Halls.
 39595 | Orc:2    | Found Dacou's Antique Weapon Emporium.
 39595 | Orc:2    | Found Raniazezu's Antique Armour Shoppe.
 39595 | Orc:2    | Found Xamyon's Antique Armour Shoppe.
 39646 | Orc:2    | Found Teddah's Antique Weapon Emporium.
 40044 | Orc:1    | Reached skill level 5 in Translocations
 40413 | Shoals:1 | Bought a book of Minor Magic for 288 gold pieces
 40420 | Shoals:1 | Learned a level 2 spell: Blink
 40495 | Shoals:3 | Noticed Ilsuiw
 40606 | Shoals:3 | Acquired a staff of conjuration
 40995 | Vaults:1 | Entered Level 1 of the Vaults
 41000 | Vaults:1 | Reached skill level 5 in Dodging
 42001 | Vaults:1 | Paralysed by a sphinx for 3 turns
 42597 | Vaults:1 | Found Ecygu's Antique Armour Boutique.
 42602 | Vaults:1 | Bought a glowing cloak for 247 gold pieces
 43263 | Vaults:1 | Found Rigabbapihy's Antique Armour Boutique.
 43277 | Vaults:1 | Found Qyagu's General Store.
 43290 | Vaults:1 | Bought a potion of magic for 112 gold pieces
 43743 | Vaults:1 | HP: 6/146 [ironbound thunderhulk/bolt of lightning (60)]
 44076 | Vaults:1 | Identified the +5 hand axe "Goewodun" {holy, ^Fragile rElec
                  | rC+ Dex+3}
 45168 | Vaults:2 | Upgraded the game from 0.32-a0-571-gec57dfcd37 to
                  | 0.32-a0-576-g706899e69d
 45471 | Vaults:2 | Reached XP level 19. HP: 105/153 MP: 11/33
 46585 | Shoals:1 | Bought a book of Transmutation for 504 gold pieces
 47377 | Vaults:2 | Found the +5 glaive of the Guard {elec, spectral}
 48056 | Vaults:2 | Acquired 974 gold pieces
 48353 | D:4      | Bought a +7 ring of slaying for 1726 gold pieces
 48578 | D:12     | You paid a toll of a +7 ring of slaying to enter a treasure
                  | trove
 48579 | Trove    | Entered a treasure trove
 48627 | Trove    | Identified the amulet "Cuff" {*Slow rF+ Regen+ rCorr Dex+2}
 48669 | Trove    | Identified the amulet "Jysm" {Acrobat -Cast Harm rCorr}
 48674 | Trove    | Identified the +11 lajatang "Qionnubb" {venom, +Blink Will-
                  | Int+4}
 48682 | Trove    | Identified the +2 pair of gloves of Mirth {-Tele rElec
                  | Int+3 Dex+3}
 49559 | Vaults:3 | You fall into a shaft and drop 1 floor!
 49774 | Vaults:4 | Reached skill level 16 in Fighting
 49790 | Vaults:4 | Learned a level 5 spell: Irradiate
 49902 | Vaults:4 | Found a flickering gateway to a bazaar.
 49919 | Bazaar   | Entered a bazaar
 49921 | Bazaar   | Found Omeecuph's Jewellery Boutique.
 49925 | Bazaar   | Found Moqa's Distillery.
 49925 | Bazaar   | Found Gautalud's Assorted Antiques.
 49926 | Bazaar   | Found Leexzed's Antique Weapon Boutique.
 49956 | Bazaar   | Bought a potion of haste for 190 gold pieces
 49956 | Bazaar   | Bought a potion of heal wounds for 95 gold pieces
 49956 | Bazaar   | Bought a potion of haste for 190 gold pieces
 49956 | Bazaar   | Bought a potion of heal wounds for 95 gold pieces
 49962 | Bazaar   | Bought 2 potions of haste for 220 gold pieces
 49962 | Bazaar   | Bought a potion of magic for 88 gold pieces
 49962 | Bazaar   | Bought a potion of brilliance for 44 gold pieces
 49962 | Bazaar   | Bought a potion of haste for 110 gold pieces
 50442 | Vaults:3 | Reached skill level 15 in Shields
 50509 | Vaults:3 | Noticed Mennas
 51066 | Shoals:3 | Killed Ilsuiw
 51774 | Shoals:4 | Entered Level 4 of the Shoals
 52342 | Shoals:4 | Found a stormy altar of Qazlal.
 52532 | Shoals:4 | Reached XP level 20. HP: 164/164 MP: 25/36
 52585 | Shoals:4 | Noticed Mlioglotl
 52596 | Shoals:4 | Killed Mlioglotl
 52677 | Shoals:4 | Paralysed by an air elemental for 1 turns
 53109 | Shoals:4 | Noticed Polyphemus
 53123 | Shoals:4 | Killed Polyphemus
 53124 | Shoals:4 | Reached skill level 17 in Fighting
 53339 | Shoals:4 | Got a barnacled rune of Zot
 53590 | Shoals:4 | Identified the +1 battleaxe of the Weasel {holy, Str+4
                  | Int+2}
 54257 | Depths:1 | Entered Level 1 of the Depths
 54349 | D:15     | Paralysed by a vampire knight for 3 turns
 55029 | Vaults:4 | Paralysed by a formless jellyfish for 1 turns
 55343 | Vaults:4 | Noticed Mara
 55402 | Vaults:4 | Killed Mara
 56846 | Elf:1    | Entered Level 1 of the Elven Halls
 57594 | Elf:1    | Found Wemasea's Gadget Gallery.
 57643 | Elf:1    | Found Weda Lyg's Armour Shop.
 57990 | Elf:1    | Found a radiant altar of Vehumet.
 58340 | Elf:2    | Found a runed translucent gate.
 58341 | Elf:2    | Found a runed translucent gate.
 58342 | Elf:2    | Found a runed translucent gate.
 59190 | Elf:2    | Found a runed translucent gate.
 59191 | Elf:2    | Found a runed translucent gate.
 59191 | Elf:2    | Found a runed translucent gate.
 59269 | Elf:3    | Entered Level 3 of the Elven Halls
 59499 | Elf:3    | Reached skill level 10 in Evocations
 59561 | Elf:3    | Reached XP level 21. HP: 144/173 MP: 38/38
 60411 | Elf:3    | Reached skill level 10 in Summonings
 60529 | Elf:3    | Reached skill level 18 in Fighting
 60757 | Elf:3    | Identified the ring of the Sky {Ice Int+3 Stlth+}
 60907 | Elf:3    | Learned a level 7 spell: Spellforged Servitor
 60911 | Elf:3    | Identified the +5 short sword of Instinct {venom, rElec
                  | Str-4 Int+7}
 60940 | Elf:3    | Identified the +6 flail "Ucoogelu" {flame, rElec Str+4
                  | Stlth+}
 61040 | Elf:3    | Identified the +1 scale mail "Ystreickim" {Harm Regen+}
 61163 | Elf:3    | Identified the +5 scimitar "Dragonbane" {freeze, rElec
                  | Dex+5}
 62572 | Depths:1 | Reached skill level 1 in Staves
 62604 | Depths:1 | Reached skill level 10 in Invocations
 63560 | Depths:1 | Found a broken altar of Ashenzari.
 63597 | Depths:1 | Noticed the Enchantress
 63600 | Depths:1 | Killed the Enchantress
 63611 | Depths:1 | Noticed Asterion
 63625 | Depths:1 | Killed Asterion
 64015 | Depths:1 | Found a gateway to Hell.
 64017 | Depths:1 | Found a one-way gateway to a ziggurat.
 64853 | Depths:2 | Identified the +3 robe of Pyarghuun {Dex+6}
 64853 | Depths:2 | Noticed Boris
 64866 | Depths:2 | Reached XP level 22. HP: 182/182 MP: 40/40
 64887 | Depths:2 | Reached skill level 1 in Short Blades
 65169 | Depths:2 | Killed Boris
 65558 | Depths:2 | Found Ymaergho's Magic Scroll Shoppe.
 66006 | Depths:2 | Noticed a golden dragon
 66012 | Depths:2 | Killed a golden dragon
 66261 | Depths:2 | Found a one-way gate leading to the halls of Pandemonium.
 66405 | Depths:3 | Noticed a golden dragon
 66410 | Depths:3 | Killed a golden dragon
 66600 | Depths:3 | Reached skill level 5 in Short Blades
 66768 | Depths:3 | Identified the +2 robe of Sorcery {-Tele Regen+ Str-3
                  | Int+8}
 66768 | Depths:3 | Noticed Boris
 66776 | Depths:3 | Killed Boris
 67186 | Depths:3 | Noticed Margery
 67218 | Depths:3 | Killed Margery
 67585 | Depths:3 | Found a one-way gate to the infinite horrors of the Abyss.
 67697 | Depths:3 | Noticed a golden dragon
 67699 | Depths:3 | Found a runed translucent door.
 67714 | Depths:3 | Found a runed translucent door.
 67715 | Depths:3 | Found a shimmering altar of Xom.
 67715 | Depths:3 | Noticed Ciogh's ghost (veteran GnWn)
 67715 | Depths:3 | Identified the +3 war axe of Checkmate {chaos, rC- rN++
                  | Dex+5}
 68173 | Depths:3 | Reached skill level 5 in Earth Magic
 68901 | Depths:4 | Entered Level 4 of the Depths
 68931 | Depths:4 | Noticed a juggernaut
 68938 | Depths:4 | Killed a juggernaut
 69396 | Depths:4 | Identified the +4 robe of Xiakeaf {Str+3}
 69396 | Depths:4 | Noticed Boris
 69401 | Depths:4 | Killed Boris
 69713 | Depths:4 | Found a glowing golden altar of the Shining One.
 70020 | Depths:4 | Reached XP level 23. HP: 189/189 MP: 39/41
 70169 | Depths:4 | Reached skill level 10 in Earth Magic
 70415 | Depths:4 | Found a gate to the Realm of Zot.
 71534 | Orc:2    | Bought a pair of runed boots for 277 gold pieces
 71767 | D:1      | Bought 2 potions of invisibility for 176 gold pieces
 71767 | D:1      | Bought a potion of ambrosia for 88 gold pieces
 71767 | D:1      | Bought a potion of haste for 110 gold pieces
 71767 | D:1      | Bought a potion of mutation for 88 gold pieces
 71767 | D:1      | Bought a potion of curing for 33 gold pieces
 72065 | Vaults:1 | Bought a pair of glowing gloves for 262 gold pieces
 72561 | D:14     | Killed Lysca's ghost
 72591 | D:14     | Identified the staff of Impeachment {^Fragile rElec rF+
                  | Conj Hexes}
 73213 | Vaults:5 | Entered Level 5 of the Vaults
 73403 | Vaults:5 | Noticed an ancient lich
 73413 | Vaults:5 | Killed an ancient lich
 73558 | Vaults:5 | Reached skill level 15 in Spellcasting
 73813 | Vaults:5 | Learned a level 5 spell: Lee's Rapid Deconstruction
 73992 | Vaults:5 | Identified the +8 short sword of Kungiono {flame, rPois
                  | Dex+2}
 73994 | Vaults:5 | Identified the ring "Quxtesch" {rC+ Dex+6}
 74315 | Vaults:5 | Identified the +1 chain mail of Nifotu {rF+ Str+5 Int+3
                  | Stlth+}
 74777 | Vaults:5 | Identified the +1 halberd of the Winnowing Jester {vamp,
                  | rPois}
 74812 | Vaults:5 | Identified the +7 quarterstaff "Muhih" {freeze, rPois
                  | Int+5}
 74812 | Vaults:5 | Identified the +7 leather armour "Plog" {Fly Str+4 Int-5}
 74812 | Vaults:5 | Identified the ring "Ciman" {rPois rN+ Int+6}
 75170 | Vaults:5 | Got a silver rune of Zot
 75276 | Vaults:5 | Noticed an ancient lich
 75284 | Vaults:5 | Killed an ancient lich
 75486 | Vaults:5 | Identified the +5 sling of Death {elec, rF+}
 75486 | Vaults:5 | Identified the +1 leather armour of Gozag's Delight {rElec
                  | rPois}
 75912 | Vaults:5 | Identified the ring "Amicrucw" {Will+ rCorr Int+4}
 75971 | Vaults:5 | Noticed a dread lich
 76021 | Vaults:5 | Killed a dread lich
 76022 | Vaults:5 | Reached skill level 15 in Earth Magic
 76101 | Vaults:5 | Noticed an ancient lich
 76107 | Vaults:5 | Killed an ancient lich
 77327 | D:13     | Learned a level 8 spell: Lehudib's Crystal Spear
 77426 | Depths:3 | Voluntarily entered the Abyss.
 77691 | Abyss:1  | Reached XP level 24. HP: 196/196 MP: 40/42
 78195 | Depths:3 | Escaped the Abyss
 78243 | Depths:3 | Voluntarily entered the Abyss.
 78261 | Abyss:1  | Found a corrupted altar of Lugonu.
 78563 | Abyss:2  | Found a corrupted altar of Lugonu.
 78843 | Abyss:2  | Noticed a dread lich
 78857 | Abyss:2  | Killed a dread lich
 79044 | Abyss:3  | Found a corrupted altar of Lugonu.
 79049 | Abyss:3  | Found a roughly hewn altar of Beogh.
 79054 | Abyss:3  | Found a roughly hewn altar of Beogh.
 79054 | Abyss:3  | Found a corrupted altar of Lugonu.
 79054 | Abyss:3  | Found a roughly hewn altar of Beogh.
 79054 | Abyss:3  | Found a corrupted altar of Lugonu.
 79527 | Depths:3 | Escaped the Abyss
 80248 | Lair:5   | Found a corrupted altar of Lugonu.
 80439 | Slime:1  | Entered Level 1 of the Pits of Slime
 80442 | Slime:1  | Gained mutation: You occasionally lose the ability to read
                  | scrolls when taking damage. [a shining eye]
 80444 | Slime:1  | Gained mutation: Your spells are a little easier to cast,
                  | but a little less powerful. [a shining eye]
 82162 | Slime:5  | Entered Level 5 of the Pits of Slime
 82238 | Slime:5  | Gained mutation: Your health recovers twice as slowly from
                  | being drained. [a shining eye]
 82250 | Slime:5  | Lost mutation: Your health recovers twice as slowly from
                  | being drained. [potion of mutation]
 82250 | Slime:5  | Lost mutation: Your spells are a little easier to cast, but
                  | a little less powerful. [potion of mutation]
 82250 | Slime:5  | Lost mutation: You occasionally lose the ability to read
                  | scrolls when taking damage. [potion of mutation]
 82250 | Slime:5  | Gained mutation: You possess an exceptional clarity of
                  | mind. [potion of mutation]
 82499 | Slime:5  | Reached XP level 25. HP: 202/202 MP: 42/42
 82546 | Slime:5  | Noticed the Royal Jelly
 83222 | Vaults:3 | Killed Mennas
 83528 | Vaults:3 | Found a staircase to the Crypt.
 83528 | Vaults:3 | Found a basalt altar of Yredelemnul.
 83529 | Vaults:3 | Found an ancient bone altar of Kikubaaqudgha.
 83567 | Vaults:3 | Noticed Jory
 83582 | Vaults:3 | Killed Jory
 83935 | Crypt:1  | Entered Level 1 of the Crypt
 84328 | Vaults:4 | Learned a level 5 spell: Borgnjor's Vile Clutch
 85210 | Crypt:2  | Reached skill level 10 in Short Blades
 85402 | Crypt:2  | Identified the +3 orcbow of Responsibility {flame, rElec}
 86115 | Crypt:3  | Entered Level 3 of the Crypt
 86649 | Crypt:3  | Noticed an ancient lich
 86657 | Crypt:3  | Killed an ancient lich
 86779 | Crypt:3  | Found an ancient bone altar of Kikubaaqudgha.
 86823 | Crypt:3  | Identified the +6 spear of Peace {venom, rN+ rCorr}
 86833 | Crypt:3  | Acquired 690 gold pieces
 86838 | Crypt:3  | Identified the staff "Worm's Wrath" {rC+ Str+3 Tloc Ice}
 87088 | Crypt:3  | Identified the ring "Bycivvoc" {rF- rN++ Str+7 Dex+6 Slay-3
                  | Stlth+}
 87088 | Crypt:3  | Identified the ring of Dishonesty {rF- rN++ Str+2 Int+2
                  | Dex+6 Slay+6}
 87088 | Crypt:3  | Identified the ring of Dikhliarr {Fly rN++ rCorr}
 87094 | Crypt:3  | Got Ynlex's Reference Book on Diablerie
 87201 | Crypt:3  | Found a staircase to the Tomb.
 87758 | Vaults:1 | Bought a staff of fire for 350 gold pieces
 87763 | Vaults:1 | Learned a level 1 spell: Apportation
 88103 | Vaults:1 | Learned a level 4 spell: Vhi's Electric Charge
 88270 | Depths:3 | Voluntarily entered the Abyss.
 88558 | Abyss:4  | Gained mutation: Your magical capacity is low. (-10% MP) [a
                  | shining eye]
 88560 | Abyss:4  | Reached XP level 26. HP: 185/210 MP: 33/40
 88589 | Depths:3 | Escaped the Abyss
 88930 | Zot:1    | Entered Level 1 of the Realm of Zot
 90997 | Zot:1    | Learned a level 3 spell: Swiftness
 91188 | Zot:1    | Reached skill level 19 in Fighting
 91415 | Zot:1    | Noticed an orb of fire
 91695 | Zot:1    | Gained mutation: You are vulnerable to cold. (rC-) [an orb
                  | of fire]
 91701 | Zot:1    | Gained mutation: You occasionally lose the ability to read
                  | scrolls when taking damage. [an orb of fire]
 91701 | Zot:1    | Gained mutation: Potions are less effective at restoring
                  | your health. [an orb of fire]
 91707 | Zot:1    | Gained mutation: Potions cannot restore your health. [an
                  | orb of fire]
 91710 | Zot:1    | Killed an orb of fire
 91715 | Zot:1    | Lost mutation: Your magical capacity is low. (-10% MP)
                  | [potion of mutation]
 91715 | Zot:1    | Lost mutation: You possess an exceptional clarity of mind.
                  | [potion of mutation]
 91715 | Zot:1    | Gained mutation: Your mind is acute. (Int +4, Str/Dex -1)
                  | [potion of mutation]
 91715 | Zot:1    | Gained mutation: You expend magic power (3 MP) to
                  | strengthen your wands. [potion of mutation]
 91716 | Zot:1    | Lost mutation: You are vulnerable to cold. (rC-) [potion of
                  | mutation]
 91716 | Zot:1    | Lost mutation: You expend magic power (3 MP) to strengthen
                  | your wands. [potion of mutation]
 91716 | Zot:1    | Lost mutation: Your mind is acute. (Int +4, Str/Dex -1)
                  | [potion of mutation]
 91716 | Zot:1    | Gained mutation: You are frail. (-10% HP) [potion of
                  | mutation]
 91717 | Zot:1    | Lost mutation: You are frail. (-10% HP) [potion of
                  | mutation]
 91717 | Zot:1    | Lost mutation: You occasionally lose the ability to read
                  | scrolls when taking damage. [potion of mutation]
 91717 | Zot:1    | Lost mutation: Potions cannot restore your health. [potion
                  | of mutation]
 91717 | Zot:1    | Gained mutation: You are frail. (-10% HP) [potion of
                  | mutation]
 91718 | Zot:1    | Lost mutation: You are frail. (-10% HP) [potion of
                  | mutation]
 91718 | Zot:1    | Lost mutation: Potions are less effective at restoring your
                  | health. [potion of mutation]
 91718 | Zot:1    | Gained mutation: You are frail. (-10% HP) [potion of
                  | mutation]
 91718 | Zot:1    | Gained mutation: You have hidden genetic potential. [potion
                  | of mutation]
 91791 | Zot:1    | You fall into a shaft and drop 1 floor!
 92162 | Zot:1    | Reached skill level 20 in Fighting
 93742 | Slime:5  | Found the amulet of the Air {Inacc Air Fly rElec RMsl}
 93898 | Slime:5  | Found a viscous altar of Jiyva.
 95363 | Zot:1    | Found a shimmering blue altar of Sif Muna.
 96274 | Zot:2    | Identified the +8 shortbow of Immorality {heavy, rN+ Str+3}
 96609 | Zot:3    | Reached skill level 21 in Fighting
 96923 | Zot:3    | Found a viscous altar of Jiyva.
 96955 | Zot:3    | Noticed an orb of fire
 97437 | Zot:3    | Gained mutation: You occasionally lose the ability to read
                  | scrolls when taking damage. [an orb of fire]
 97447 | Zot:3    | Killed an orb of fire
 97448 | Zot:3    | Reached XP level 27. HP: 26/200 MP: 23/45
 97463 | Zot:3    | Lost mutation: You have hidden genetic potential. [potion
                  | of mutation]
 97463 | Zot:3    | Lost mutation: You occasionally lose the ability to read
                  | scrolls when taking damage. [potion of mutation]
 97463 | Zot:3    | Gained mutation: You do not regenerate when monsters are
                  | visible. [potion of mutation]
 97463 | Zot:3    | Gained mutation: You have sharp toenails. [potion of
                  | mutation]
 97463 | Zot:3    | Gained mutation: You have an increased reservoir of magic.
                  | (+10% MP) [potion of mutation]
 97516 | Zot:2    | Lost mutation: You have sharp toenails. [potion of
                  | mutation]
 97516 | Zot:2    | Lost mutation: You are frail. (-10% HP) [potion of
                  | mutation]
 97516 | Zot:2    | Gained mutation: You are somewhat resistant to further
                  | mutation. [potion of mutation]
 97516 | Zot:2    | Gained mutation: You have a pair of small horns on your
                  | head. [potion of mutation]
 97999 | Elf:2    | Found a runed translucent gate.
 97999 | Elf:2    | Found a runed translucent gate.
 98003 | Elf:2    | Found a runed translucent gate.
 98003 | Elf:2    | Noticed Larett's ghost (adept MiBe)
 98052 | Elf:2    | Killed Larett's ghost
 98218 | Elf:2    | Identified the +0 pair of gloves "Wasotas" {rPois Regen+}
 98222 | Elf:2    | Lost mutation: You are somewhat resistant to further
                  | mutation. [potion of mutation]
 98222 | Elf:2    | Lost mutation: You do not regenerate when monsters are
                  | visible. [potion of mutation]
 98222 | Elf:2    | Gained mutation: Your muscles are strong. (Str +4, Int/Dex
                  | -1) [potion of mutation]
 99486 | Zot:4    | Identified the +9 morningstar of Cylimuc {speed, ^Drain
                  | Int+5 Dex+4}
100335 | Zot:4    | Reached skill level 1 in Long Blades
100521 | Zot:4    | Reached skill level 5 in Long Blades
100978 | Zot:5    | Entered Level 5 of the Realm of Zot
102525 | Zot:5    | Noticed a dread lich
102541 | Zot:5    | Killed a dread lich
102657 | Zot:5    | Noticed a dread lich
102668 | Zot:5    | Killed a dread lich
102738 | Zot:5    | Noticed an ancient lich
102749 | Zot:5    | Killed an ancient lich
102866 | Zot:5    | Noticed an orb of fire
102866 | Zot:5    | Noticed an ancient lich
102873 | Zot:5    | Killed an ancient lich
102877 | Zot:5    | Killed an orb of fire
103061 | Zot:5    | Noticed a dread lich
103069 | Zot:5    | Killed a dread lich
103731 | Zot:5    | Noticed an orb of fire
103746 | Zot:5    | Killed an orb of fire
103747 | Zot:5    | Reached skill level 15 in Summonings
103752 | Zot:5    | Got the Orb of Zot
103769 | Zot:5    | Noticed a seraph
103931 | Zot:1    | Learned a level 3 spell: Passwall
104252 | D:10     | Noticed Qyakkax the pandemonium lord
104378 | D:6      | Noticed Ijuculad the pandemonium lord
104380 | D:6      | Killed Ijuculad the pandemonium lord
104599 | D:$      | Escaped with the Orb!

Illustrated notes

Levels and vault maps discovered:
D:1:      dpeg_arrival_rhombi, layout_loops_ring, serial_shops,
          nicolae_shop_waterfront, bh_walls_and_bars
D:2:      layout_basic, uniq_natasha
D:3:      layout_basic, mainiacjoe_overflow_big_doors, serial_curves,
          eino_curves_02, eino_curves_04, portal_sewer_entry_f,
          minmay_fractal_squares_gapless_5, uniq_ijyb
D:4:      layout_basic, serial_shops, shop, nicolae_shop_unique_rings
D:5:      layout_loops_ring, uniq_sigmund, uniq_duvessa, uniq_crazy_yiuf_cottage
D:6:      layout_cave_pods, minmay_temple_entry_large_hall,
          nicolae_ossuary_entry_plus, uniq_blork_the_orc, uniq_eustachio,
          uniq_grinder
D:7:      layout_gridville, serial_bayou_lake_a
D:8:      layout_cave_pods, mainiacjoe_overflow_six_doors_small,
          minmay_crossroads
D:9:      layout_basic, nemelex_spade_bored_becter, minmay_lair_entry_grove,
          minmay_tree_intersection, grunt_ministairs_9, minivault_25_ag,
          kennysheep_generic_room_9
D:10:     layout_irregular_city, orc_0_dummy, enter_bailey_2,
          serial_bayou_pond_e
D:11:     layout_basic, uniq_fannar
D:12:     layout_cave_pods, nicolae_trove_entry_crystal, gauntlet_entry_generic,
          nicolae_qazlal_scattered_showers, uniq_jorgrun, uniq_josephine,
          uniq_kirke
D:13:     layout_irregular_city, erik_vaults_1
D:14:     layout_gridville, maelrawn_ghost_gauntlet_escape, chequers_arboretum,
          serial_shops, shop
D:15:     gammafunk_depths_entry_grave, layout_cave_pools, elyvilon_altar_1,
          special_room [special_room_orc]
Lair:1:   layout_long_grid, grunt_megastairs_3
Lair:2:   layout_cave_pods, special_room [special_room_bee], serial_bayou_pond_a
Lair:3:   layout_long_grid, elwin_shoals_entry_rocks, alex1729_snake_entry_snake
Lair:4:   layout_misc_corridors, chequers_serial_rivers_micro_d,
          nicolae_lair_time_for_slime
Lair:5:   hellmonk_lair_end_abyssal_woods, layout_layer_cave,
          minmay_slime_entry_oklob_open, st_stairs_8
Shoals:1: layout_shoals, serial_shops, shop
Shoals:2: layout_shoals, kb_tengu_band, uniq_donald
Shoals:3: layout_shoals, uniq_ilsuiw
Shoals:4: shoals_end_hellmonk_storm_palace [storm_palace_center_square,
          storm_palace_corner_reverse_hut, storm_palace_corner_reverse_hut,
          storm_palace_corner_pillars, storm_palace_corner_altar],
          uniq_mlioglotl, uniq_polyphemus
Snake:1:  nicolae_snake_nest, layout_onion
Snake:2:  layout_cave_town, gammafunk_ghost_abyssal_escape
Snake:3:  layout_layer_cave
Snake:4:  snake_pit_salamanders_mu, layout_rooms, grunt_ministairs_15,
          serial_bayou_shore_b
Slime:1:  layout_caves, cheibrodos_slime_lost_civilization_4
Slime:2:  layout_caves
Slime:3:  layout_caves
Slime:4:  layout_caves
Slime:5:  slime_pit_nicolae_amoeboid
Orc:1:    layout_caves
Orc:2:    st_orc_mages, layout_caves, portal_ice_cave_entry_pillars_1
Elf:1:    eino_elf_arrival_the_gate, layout_loops_corners, basic_altar,
          serial_shops, shop, kennysheep_underground_church, st_stairs_13,
          nicolae_shop_gadgets
Elf:2:    nicolae_elf_blades_crystal_corner, layout_gridlike,
          ploomutoo_gammafunk_ghost_potion_laboratory
Elf:3:    elf_hall, layout_gridlike, minmay_misc_feat_alley,
          hellmonk_guarded_unrand_damnation
Vaults:1: nicolae_vaults_alarming, nicolae_vaults_what_the_h, v_misc_30,
          vaults_room_fours, nicolae_vaults_closet_pinwheel_1,
          ontoclasm_vaults_ring_small, v_pattern_2, vaults_room_pools,
          special_room_vaults [special_room_orc], layout_vaults_omnigrid,
          serial_shops, shop, nicolae_shop_hallway_stairs, shop
Vaults:2: nicolae_vaults_layer_cake_slice, minmay_guarded_unrand_guard,
          vaults_room_door_hall, nicolae_vaults_network_periphery,
          vaults_room_semicircle, grunt_vaults_twisty,
          nicolae_vaults_double_plus_1, nicolae_vaults_variable_pillar_hall,
          layout_vaults_chaotic_city
Vaults:3: vaults_mumra_hexcomb, hangedman_vaults_restitches,
          minmay_crypt_entry_necro_gods, hangedman_vaults_river_flow,
          grunt_vaults_diagonal, v_pattern_1, nicolae_vaults_trapezoid_2,
          v_alt_pattern_1, grunt_vaults_swirl, nicolae_vaults_hexular_roomagon,
          nicolae_vaults_lightning_bolt, nicolae_vaults_mini_display_case,
          nicolae_vaults_offset_grid_hallway_3, nicolae_vaults_tetromino_L_2,
          nicolae_vaults_offset_grid_hallway_2, layout_vaults_maze, uniq_mennas,
          uniq_jory
Vaults:4: v_alt_pattern_2, nicolae_vaults_tetromino_T_1, v_alt_pattern_2,
          v_misc_29, nicolae_vaults_heart-shaped_vault,
          nicolae_vaults_surprise_closet, v_misc_26, v_misc_17,
          nicolae_vaults_house_1, v_misc_25, layout_vaults_omnicross,
          serial_shops, bzr_in_the_mist, uniq_mara
Vaults:5
Crypt:1:  layout_basic
Crypt:2:  layout_chaotic_city, nicolae_crypt_ex-fountain
Crypt:3:  cryptofortress_bobbens
Depths:1: layout_cave_pools, enter_ziggurat_e, hell_entry,
          cheibrodos_ashenzari_chains, uniq_asterion, uniq_enchantress
Depths:2: kennysheep_oblong_rooms, layout_cave_pools, grunt_pan_entry_sceptre,
          hex_medium, hell_entry, serial_shops, shop, uniq_boris
Depths:3: dreamdust_hydra_shepherd, layout_gridville, grunt_mini_vestibule,
          rand_demon_pan_entry_9, abyss_entry, ebering_ghost_xom,
          minmay_st_funbox, minmay_evil_grid, uniq_margery
Depths:4: grunt_zot_entry_pinwheel, layout_basic, grunt_hell_entry_dis_mu,
          nicolae_tso_carved_into_rock
Zot:1:    regret_index_malice_mire, layout_cellular_growth, st_stairs_9,
          regret_index_zotdec_magical_s, st_large_dragon_hoard_3
Zot:2:    layout_concentric_octagons, hangedman_zot_decor_slant
Zot:3:    layout_cathedral_of_symmetry, regret_index_zotdec_slimy_original
Zot:4:    layout_gridlike, hangedman_zot_gyre, st_small_dragon_hoard_2
Zot:5:    layout_basic, st_stairs_3

Skill      XL: |  1  2  3  4  5  6  7  8  9 10 11 12 13 14 15 16 17 18 19 20 21 22 23 24 25 26 27 |
---------------+----------------------------------------------------------------------------------+-----
Ice Magic      | 5 6 7 8 9 |  9.0
Spellcasting   | 3 4 6 7 9 10 12 13 14 15 17 18 19 | 19.0
Fighting       | 1 2 4 6 9 11 12 14 15 16 17 18 21 | 21.7
Summonings     | 1 3 5 8 9 14 15 | 15.9
Conjurations   | 3 5 6 9 11 14 16 17 18 19 20 | 20.4
Evocations     | 5 6 10 11 | 11.1
Invocations    | 3 7 9 10 11 | 11.4
Earth Magic    | 1 2 9 15 19 20 | 20.4
Fire Magic     | 8 9 |  9.6
Air Magic      | 7 10 | 10.1
Shields        | 1 5 7 9 11 13 15 16 18 | 18.6
Stealth        | 4 |  4.0
Translocations | 4 5 |  5.0
Dodging        | 4 6 |  6.0
Staves         | 1 |  1.2
Short Blades   | 9 12 14 | 14.0
Long Blades    | 5 |  5.1
Polearms       | |  0.5

Action                     |  1- 3 |  4- 6 |  7- 9 | 10-12 | 13-15 | 16-18 | 19-21 | 22-24 | 25-27 || total
---------------------------+-------+-------+-------+-------+-------+-------+-------+-------+-------++-------
  Melee: Whip              |     5 |    80 |    17 |       |     4 |       |       |       |       ||   106
         Tailslap          |       |     6 |    51 |    56 |    82 |    86 |    90 |   200 |   298 ||   869
         Dagger            |       |       |   227 |   361 |   325 |   398 |    16 |       |       ||  1327
         Club              |       |       |     3 |       |       |       |       |       |       ||     3
         Staff             |       |       |       |       |     1 |     2 |   248 |    10 |       ||   261
         Falchion          |       |       |       |       |     5 |       |       |       |       ||     5
         Demon trident     |       |       |       |       |       |       |    13 |       |       ||    13
         Quick blade       |       |       |       |       |       |       |       |   246 |   579 ||   825
         Short sword       |       |       |       |       |       |       |       |   414 |   224 ||   638
         Rapier            |       |       |       |       |       |       |       |       |    15 ||    15
         Eudemon blade     |       |       |       |       |       |       |       |       |    75 ||    75
         Headbutt          |       |       |       |       |       |       |       |       |    57 ||    57
  Throw: Dart              |       |       |       |       |     5 |       |     2 |       |       ||     7
   Cast: Freeze            |    23 |     9 |     1 |    14 |    10 |     4 |       |       |       ||    61
         Frozen Ramparts   |       |    10 |     9 |    44 |    44 |    20 |     1 |     1 |       ||   129
         Summon Ice Beast  |       |     1 |     2 |       |    16 |     3 |       |       |       ||    22
         Ozocubu's Armour  |       |       |     1 |       |     6 |     1 |       |       |       ||     8
         Stone Arrow       |       |       |       |    27 |    76 |    20 |    17 |    18 |       ||   158
         Foxfire           |       |       |       |     5 |    21 |       |       |       |       ||    26
         Freezing Cloud    |       |       |       |       |   131 |   187 |   159 |    92 |    48 ||   617
         Summon Lightning  |       |       |       |       |    53 |   105 |    38 |    68 |    32 ||   296
         Orb of Destructio |       |       |       |       |       |   106 |   176 |   140 |    42 ||   464
         Starburst         |       |       |       |       |       |    74 |    66 |    14 |       ||   154
         Lesser Beckoning  |       |       |       |       |       |     1 |       |    12 |     4 ||    17
         Irradiate         |       |       |       |       |       |       |     6 |    13 |       ||    19
         Blink             |       |       |       |       |       |       |     2 |     3 |     7 ||    12
         Spellforged Servi |       |       |       |       |       |       |     8 |    81 |   135 ||   224
         Lee's Rapid Decon |       |       |       |       |       |       |       |    65 |   151 ||   216
         Lehudib's Crystal |       |       |       |       |       |       |       |    23 |    95 ||   118
         Borgnjor's Vile C |       |       |       |       |       |       |       |       |    72 ||    72
         Apportation       |       |       |       |       |       |       |       |       |     9 ||     9
         Passwall          |       |       |       |       |       |       |       |       |     3 ||     3
 Invoke: Recall Ancestor   |       |     5 |       |     9 |    37 |    30 |    42 |    31 |    29 ||   183
         Ancestor Identity |       |     1 |       |       |       |       |       |       |       ||     1
         Ancestor Life: He |       |     1 |       |       |       |       |       |       |       ||     1
         Idealise          |       |       |       |     5 |    12 |     4 |    14 |     7 |     3 ||    45
         Transference      |       |       |       |     2 |     2 |       |       |     1 |       ||     5
Ability: Steam Breath      |       |       |     3 |     8 |     4 |     2 |     2 |     2 |       ||    21
  Evoke: Wand              |       |       |       |    15 |       |     4 |     9 |     1 |    12 ||    41
         Phantom mirror    |       |       |       |       |     1 |       |     1 |       |     1 ||     3
         Box of beasts     |       |       |       |       |       |     1 |     1 |     1 |     1 ||     4
         Condenser vane    |       |       |       |       |       |       |       |       |     1 ||     1
    Use: Scroll            |       |     5 |     8 |     7 |    13 |     6 |     7 |    14 |    12 ||    72
         Potion            |       |       |       |     3 |     9 |     2 |     3 |     6 |    21 ||    44
   Stab: Sleeping          |     1 |     5 |       |       |       |     1 |       |       |       ||     7
         Distracted        |       |       |     5 |     4 |     4 |     9 |     2 |    19 |    22 ||    65
         Confused          |       |       |     5 |     8 |     5 |     5 |     4 |    39 |    37 ||   103
         Paralysed         |       |       |       |       |    10 |    68 |    67 |    72 |    62 ||   279
 Armour: Skin              |    12 |    49 |   150 |   325 |   487 |   508 |   334 |   356 |   616 ||  2837
  Dodge: Dodged            |    18 |    63 |   192 |   231 |   273 |   270 |   145 |   168 |   271 ||  1631
  Block: Buckler           |       |       |       |       |    49 |    38 |       |       |       ||    87
         Kite shield       |       |       |       |       |       |   308 |   212 |   286 |   412 ||  1218
         Tower shield      |       |       |       |       |       |       |    12 |       |       ||    12

Table legend: (Time is in decaauts)
 A = Elapsed time spent in this place.
 B = Non-inter-level travel time spent in this place.
 C = Inter-level travel time spent in this place.
 D = Time resting spent in this place.
 E = Time spent auto-exploring this place.
 F = Levels seen in this place.
 G = Mean time per level.
                   A        B        C        D        E       F      G
               +--------+--------+--------+--------+--------+-----+--------+
         Total | 104859 |  89622 |  15237 |  29705 |  17277 |  66 | 1588.8 |
       Dungeon |  24287 |  18351 |   5936 |   4625 |   5755 |  15 | 1619.1 |
          Lair |   8520 |   6876 |   1644 |   1859 |   1439 |   5 | 1704.0 |
        Shoals |   6041 |   5467 |    574 |   1977 |    457 |   4 | 1510.2 |
     Snake Pit |   8939 |   8432 |    507 |   3395 |   1203 |   4 | 2234.8 |
    Slime Pits |   3897 |   3583 |    314 |   1422 |    794 |   5 |  779.4 |
  Orcish Mines |   1981 |   1546 |    435 |    448 |    418 |   2 |  990.5 |
   Elven Halls |   6317 |   5475 |    842 |   1719 |   1516 |   3 | 2105.7 |
        Vaults |  15920 |  13819 |   2101 |   5070 |   1519 |   5 | 3184.0 |
         Crypt |   3407 |   3262 |    145 |    490 |   1416 |   3 | 1135.7 |
        Depths |  11556 |  10022 |   1534 |   5012 |   1134 |   4 | 2889.0 |
           Zot |   9207 |   8006 |   1201 |   2694 |   1207 |   5 | 1841.4 |
         Abyss |   2308 |   2308 |      0 |    345 |      0 |   6 |  384.7 |
        Bazaar |     58 |     58 |      0 |      0 |     26 |   1 |   58.0 |
         Trove |    155 |    155 |      0 |      0 |      0 |   1 |  155.0 |
       Ossuary |    389 |    389 |      0 |     33 |     11 |   1 |  389.0 |
        Bailey |    381 |    381 |      0 |    181 |      0 |   1 |  381.0 |
      Ice Cave |   1489 |   1489 |      0 |    433 |    381 |   1 | 1489.0 |
               +--------+--------+--------+--------+--------+-----+--------+

Top non-repeatable levels by time:
Vaults:1: 4793 daAuts
Vaults:5: 3814 daAuts
Depths:4: 3714 daAuts
   Zot:1: 3234 daAuts
Depths:3: 3195 daAuts
 Snake:4: 3039 daAuts
   Elf:3: 2872 daAuts
 Snake:3: 2799 daAuts
    D:14: 2745 daAuts
Vaults:4: 2721 daAuts
Vaults:2: 2695 daAuts
    D:13: 2442 daAuts
Depths:1: 2410 daAuts
    D:12: 2360 daAuts
Depths:2: 2235 daAuts
